 Dungeon Crawl Stone Soup version 0.21-a0-150-gc243083 (webtiles) character file.

252 FinalAngel the Insei (level 6, 0/55 HPs)
             Began as a Gargoyle Monk on July 29, 2017.
             Slain by a gnoll (4 damage)
             ... on level 3 of the Dungeon.
             The game lasted 00:07:35 (3461 turns).

FinalAngel the Insei (Gargoyle Monk)                Turns: 3461, Time: 00:07:35

Health: 0/55       AC:  6    Str: 19    XL:     6   Next: 13%
Magic:  6/6        EV: 13    Int: 11    God:
Gold:   204        SH:  0    Dex: 14    Spells: 5/5 levels left

rFire    . . .     SeeInvis .     - Unarmed
rCold    . . .     Gourm    .   (no shield)
rNeg     + . .     Faith    .   a - +0 robe
rPois    ∞         Spirit   .   (no helmet)
rElec    +         Reflect  .   (no cloak)
rCorr    .         Harm     .   (no gloves)
MR       +....                  (no boots)
Stlth    ..........             (no amulet)
HPRegen  0.18/turn              d - ring of protection from magic {MR+, !d}
MPRegen  0.10/turn              e - ring of flight {+Fly, !d}

@: berserking, very quick
A: negative energy resistance 1, electricity resistance, unbreathing,
petrification resistance, rot immunity, AC +4
a: Evoke Flight


You were on level 3 of the Dungeon.
You were not hungry.

You visited 1 branch of the dungeon, and saw 3 of its levels.
You also visited: Sewer.

You collected 204 gold pieces.

Inventory:

Armour
 a - a +0 robe (worn)
 j - a +0 cloak
   (You found it on level 1 of the Dungeon)
Jewellery
 d - a ring of protection from magic (left hand) {MR+, !d}
   (You found it on level 1 of the Dungeon)
 e - a ring of flight (right hand) {+Fly, !d}
   (You found it on level 3 of the Dungeon)
Wands
 f - a wand of lightning (3/15)
   (You found it on level 2 of the Dungeon)
 m - a wand of digging (14/24)
   (You found it in a sewer)
Scrolls
 c - a scroll of remove curse
 g - a scroll of recharging {unknown}
 h - a scroll of teleportation {unknown}
 i - a scroll of enchant weapon {unknown}
 k - a scroll of fog {unknown}
 l - 2 scrolls of random uselessness {unknown}
 n - a scroll of amnesia {unknown}
 o - a scroll of identify
Potions
 r - a potion of heal wounds {unknown}
Comestibles
 b - 2 bread rations {@e1}
 p - 3 chunks of flesh {@w0}


   Skills:
 - Level 3.2 Fighting
 - Level 2.4 Dodging
 - Level 2.2 Stealth
 + Level 6.6 Unarmed Combat


You had 5 spell levels left.
You didn't know any spells.

Dungeon Overview and Level Annotations

Branches:
Dungeon (3/15)

Altars:
Gozag
Yredelemnul


Innate Abilities, Weirdness & Mutations

You are resistant to torment.
Your stone body is resilient. (AC +4)
You are immune to poison.
You resist negative energy. (rN+)
You are resistant to electric shocks. (rElec)
You can survive without breathing.
You are immune to petrification.
You are immune to rotting.


Message History

Welcome back to the Dungeon!
There is a collapsed entrance here.
You enter the shallow water.
Moving in this stuff is going to be slow.
There is an open door here.
r - an orange potion A goblin comes into view.
It is wielding a club.
A goblin is nearby!
A goblin is nearby!
The goblin barely misses you.
You barely miss the goblin. The goblin hits you with a club.
You take 3 damage, and have 32/37 hp.
You barely miss the goblin. The goblin hits you but does no damage.
You hit the goblin. You closely miss the goblin.
The goblin hits you but does no damage.
You hit the goblin.
You kill the goblin!
No target in view!
No target in view!
Things that are here:
a club; a goblin corpse
b - 2 bread rations {@e1} (gained 1)
A hobgoblin comes into view. It is wielding a club.
Health restored: 37 A hobgoblin is nearby!
A hobgoblin is nearby!
Some of the chunks of flesh in your inventory have rotted away.
You closely miss the hobgoblin. The hobgoblin barely misses you.
You closely miss the hobgoblin. The hobgoblin closely misses you.
You hit the hobgoblin. The hobgoblin closely misses you.
You hit the hobgoblin but do no damage.
The hobgoblin hits you but does no damage.
You completely miss the hobgoblin. The hobgoblin misses you.
You barely miss the hobgoblin. You hit the hobgoblin.
You kill the hobgoblin!
No target in view!
No target in view!
You open the door.
An adder comes into view.
The adder hisses angrily.
Found an opulent altar of Gozag.
An adder is nearby!
The adder closely misses you.
There is an open door here.
You hit the adder. The adder misses you.
You punch the adder! The adder barely misses you.
You hit the adder. The adder bites you. The adder closely misses you.
You take 3 damage, and have 34/37 hp.
You hit the adder.
You kill the adder!
No target in view!
No target in view!
There is a fountain of clear blue water here.
Things that are here:
a club; a hobgoblin corpse You open the door. 4 gnolls come into view.
A gnoll is wielding a spear of venom.
The gnoll shouts! x3
Found a meat ration.
Found a basalt altar of Yredelemnul.
You closely miss the gnoll. The gnoll hits you.
You take 2 damage, and have 33/37 hp.
You hit the gnoll. The gnoll hits you.
The gnoll hits you from afar with a spear of venom.
You take 7 damage, and have 26/37 hp.
You closely miss the gnoll. The gnoll closely misses you.
The gnoll hits you from afar with a spear of venom.
You take 2 damage, and have 24/37 hp.
You punch the gnoll! The gnoll barely misses you. The gnoll hits you.
You take 5 damage, and have 20/37 hp.
You barely miss the gnoll. The gnoll barely misses you.
The gnoll hits you but does no damage.
You barely miss the gnoll.
The gnoll hits you from afar with a spear of venom.
The gnoll barely misses you.
You take 2 damage, and have 18/37 hp.
You completely miss the gnoll. The gnoll barely misses you. The gnoll hits you.
You take 6 damage, and have 12/37 hp.
You hit the gnoll.
The gnoll hits you from afar with a spear of venom!
* * * LOW HITPOINT WARNING * * *
The gnoll closely misses you.
You take 7 damage, and have 5/37 hp.
A leopard gecko comes into view.
A hobgoblin and a gnoll come into view.
Found a stone staircase leading down.
As you read the scroll labeled GUSUOBL TEBLU, it crumbles to dust.
It is a scroll of identify.
q - a potion of berserk rage The leopard gecko bites you but does no damage.
The gnoll moves out of view.
The leopard gecko barely misses you. The gnoll hits you.
* * * LOW HITPOINT WARNING * * *
You take 3 damage, and have 3/37 hp.
Really quaff
q - a potion of berserk rage {!q}?
A red film seems to cover your vision as you go berserk!
You feel yourself moving faster!
You feel mighty!
The hobgoblin shouts!
The leopard gecko barely misses you. The gnoll hits you.
You die...

#.#.#.#.#...#.#.##
#......
.#.######.(.##### g.
##.#.#.
#.###...##.##...## .
#......
.#.#.8.8.#.#.8.8%# .#
##.#.#.
#.##.._..#.#.._..# .#
#####.
.#.#.8...#.#gg.8.#gg#
#.
#.###...'#.#'g..##..#
##
.#..#####..g#####...#
#.........)..ggg@...#
##..#####...#####l..#
##.## +#.#+ #..# #.#
#.# .... #.# #.# >###
#.# #.# .# #.# #.# #
#.. ... ##.


You could see 6 gnolls, a leopard gecko and a hobgoblin.

Vanquished Creatures
  Purgy (Sewer)
  An orc wizard (D:3)
  6 adders
  A worm (D:2)
  A dart slug (D:2)
  A leopard gecko (D:1)
  4 orcs (D:3)
  A ball python (D:1)
  5 giant cockroaches
  6 goblins
  3 hobgoblins
  3 jackals (D:1)
  A quokka (D:2)
  18 bats
  3 frilled lizards
  8 kobolds
  9 rats
72 creatures vanquished.

Notes
Turn   | Place    | Note
-------+----------+-------------------------------------------
     0 | D:1      | FinalAngel the Gargoyle Monk began the quest for the Orb.
     0 | D:1      | Reached XP level 1. HP: 14/14 MP: 1/1
   258 | D:1      | Reached XP level 2. HP: 19/19 MP: 2/2
   746 | D:1      | Reached skill level 4 in Unarmed Combat
   774 | D:1      | Reached XP level 3. HP: 18/23 MP: 3/3
  1861 | D:2      | Reached XP level 4. HP: 25/28 MP: 4/4
  2635 | D:2      | Reached skill level 5 in Unarmed Combat
  2798 | D:3      | Reached XP level 5. HP: 22/32 MP: 5/5
  3124 | D:3      | Found a glowing drain.
  3169 | Sewer    | Entered a sewer
  3228 | Sewer    | Noticed Purgy
  3241 | Sewer    | Killed Purgy
  3241 | Sewer    | Reached skill level 6 in Unarmed Combat
  3241 | Sewer    | Reached XP level 6. HP: 21/37 MP: 6/6
  3436 | D:3      | Found an opulent altar of Gozag.
  3445 | D:3      | Found a basalt altar of Yredelemnul.
  3456 | D:3      | HP: 5/37 [gnoll/spear of venom (7)]
  3461 | D:3      | Slain by a gnoll

Vault maps used:
D:1:      dpeg_arrival_ratfight
D:2:      first_bread
D:3:      grunt_temple_overflow_cloverleaf, gup_sewer_entry_glass, st_stairs_8,
          uniq_grinder
Sewer:    sewer_big_baddie

Skill      XL: |  1  2  3  4  5 |
---------------+----------------+-----
Unarmed Combat | 4 5 6 |  6.6
Fighting       | |  3.2
Dodging        | |  2.4
Stealth        | |  2.2

Action                   |  1- 3 |  4- 6 || total
-------------------------+-------+-------++-------
Melee: Unarmed           |   154 |   186 ||   340
       Punch             |     5 |     3 ||     8
  Use: Scroll            |       |     3 ||     3
       Potion            |       |     3 ||     3
 Stab: Sleeping          |     5 |     2 ||     7
  Eat: Chunk             |     3 |     1 ||     4
       Royal jelly       |       |     1 ||     1
       Bread ration      |       |     1 ||     1
Armor: Robe              |    61 |    79 ||   140
Dodge: Dodged            |   112 |   158 ||   270

Vault maps used:
D:1:      dpeg_arrival_ratfight
D:2:      first_bread
D:3:      grunt_temple_overflow_cloverleaf, gup_sewer_entry_glass, st_stairs_8,
          uniq_grinder
Sewer:    sewer_big_baddie

Table legend:
 A = Turns spent in this place as a percentage of turns spent in the entire game.
 B = Non-inter-level travel turns spent in this place as a percentage of non-inter-level travel turns spent in the entire game.
 C = Inter-level travel turns spent in this place as a percentage of turns spent in this place.
 D = Turns resting spent in this place as a percentage of non-inter-level travel turns spent in this place.
 E = Turns spent auto-exploring this place as a percentage of non-inter-level travel turns spent in this place.
 F = Non-inter-level travel turns spent in this place divided by the number of levels of this place that you've seen.
                   A       B       C       D       E      F
               +-------+-------+-------+-------+-------+----------------------
         Total | 100.0 | 100.0 |   0.3 |   1.9 |   9.2 | 286.8
       Dungeon |  91.7 |  91.6 |   0.3 |   1.9 |   9.3 | 350.3
         Sewer |   8.3 |   8.4 |   0.0 |   2.1 |   7.3 |  96.0
               +-------+-------+-------+-------+-------+----------------------

Table legend:
 A = Kills in this place as a percentage of kills in entire the game.
 B = Kills by you in this place as a percentage of kills by you in the entire game.
 C = Kills by friends in this place as a percentage of kills by friends in the entire game.
 D = Other kills in this place as a percentage of other kills in the entire game.
 E = Experience gained in this place as a percentage of experience gained in the entire game.
 F = Experience gained in this place divided by the number of levels of this place that you have seen.
                   A       B       C       D       E      F
               +-------+-------+-------+-------+-------+----------------------
         Total | 100.0 | 100.0 |  -nan |  -nan | 100.0 |  90.0
       Dungeon |  91.7 |  91.7 |  -nan |  -nan |  61.4 |  73.7
         Sewer |   8.3 |   8.3 |  -nan |  -nan |  38.6 | 139.0
               +-------+-------+-------+-------+-------+----------------------
